 Dungeon Crawl Stone Soup version 0.30.0-5-g1a98f26d00 (webtiles) character file.

Game seed: 11372734809501857663

4477 ChrisAssaf the Magician (level 10, -8/74 HPs)
             Began as a Gnoll Fire Elementalist on May 10, 2023.
             Was a Priest of Ru.
             Mangled by a catoblepas (10 damage)
             ... on level 1 of the Lair of Beasts.
             The game lasted 00:35:58 (8813 turns).

ChrisAssaf the Magician (Gnoll Fire Elementalist)   Turns: 8813, Time: 00:35:59

Health: -8/74      AC:  8    Str: 11 (14) XL:     10   Next: 38%
Magic:  25/30      EV: 13    Int: 20 (23) God:    Ru [***...]
Gold:   164        SH:  0    Dex:  9 (12) Spells: 6/23 levels left

rFire   . . .        B - +2 scimitar (distort)
rCold   + . .        (no shield)
rNeg    . . .        r - +3 leather armour "Goha" {MP+9 Str-4 Int+9 Slay-4}
rPois   +            z - +1 helmet
rElec   .            (no cloak)
rCorr   .            (no gloves)
SInv    .            (no boots)
Will    .....        (no amulet)
Stlth   ++++         l - ring of poison resistance
HPRegen 0.32/turn    p - ring of Taefucety {rPois rC+ Str+8 Dex-3 Stlth+}
MPRegen 0.22/turn

%: no passive effects
@: no status effects
A: fangs 1, hated by all, missing an eye, strong nose, distributed training,
poison resistance, subdued magic 1
a: Renounce Religion, Draw Out Power


You were on level 1 of the Lair of Beasts.
You worshipped Ru.
Ru was most pleased with you.
You visited 2 branches of the dungeon, and saw 9 of its levels.

You collected 380 gold pieces.
You spent 216 gold pieces at shops.

Inventory:

Hand Weapons
 b - a +0 halberd
 B - a +2 scimitar of distortion (weapon)
Missiles
 j - 6 datura-tipped darts (quivered)
 C - 2 atropa-tipped darts
 D - 2 throwing nets
Armour
 a - a +1 robe
 f - a +2 ring mail of fire resistance
 r - the +3 leather armour "Goha" (worn) {MP+9 Str-4 Int+9 Slay-4}
   (You found it on level 2 of the Dungeon)

   Str:       It affects your strength (-4).
   Int:       It affects your intelligence (+9).
   Slay:      It affects your accuracy & damage with ranged weapons and melee
   (-4).
   MP:        It affects your magic capacity (+9).
 z - a +1 helmet (worn)
Jewellery
 l - a ring of poison resistance (left hand)
 p - the ring of Taefucety (right hand) {rPois rC+ Str+8 Dex-3 Stlth+}
   (You found it on level 3 of the Dungeon)

   [ring of protection from cold]

   Str:       It affects your strength (+8).
   Dex:       It affects your dexterity (-3).
   rC:        It protects you from cold.
   rPois:     It protects you from poison.
   Stlth:     It makes you more stealthy.
 v - a ring of magical power
Wands
 g - a wand of mindburst (4)
 h - a wand of iceblast (1)
 n - a wand of flame (48)
 q - a wand of quicksilver (3)
Scrolls
 c - a scroll of amnesia
 m - 3 scrolls of magic mapping
 o - 2 scrolls of poison
 s - 2 scrolls of vulnerability
 t - a scroll of silence
 u - a scroll of noise
 y - a scroll of fog
 E - 2 scrolls of identify
 G - a scroll of teleportation
Potions
 d - a potion of haste
 e - 3 potions of mutation
 i - 3 potions of flight
 k - a potion of ambrosia
 x - 3 potions of attraction
 A - a potion of cancellation
 F - a potion of degeneration


   Skills:
 + Level 5.4 Fighting
 + Level 5.4 Short Blades
 + Level 5.4 Long Blades
 + Level 5.4 Axes
 + Level 5.4 Maces & Flails
 + Level 5.4 Polearms
 + Level 5.4 Staves
 + Level 5.4 Ranged Weapons
 + Level 5.4 Throwing
 + Level 5.4 Armour
 + Level 7.2 Dodging
 + Level 6.9 Stealth
 + Level 5.4 Shields
 + Level 5.4 Unarmed Combat
 + Level 7.4 Spellcasting
 + Level 5.0 Conjurations
 + Level 4.4 Hexes
   Level 0.0 Summonings
 + Level 4.4 Necromancy
 + Level 4.4 Translocations
 + Level 4.4 Transmutations
 + Level 7.1 Fire Magic
 + Level 4.4 Ice Magic
 + Level 4.4 Air Magic
 + Level 4.4 Earth Magic
 + Level 4.4 Poison Magic
 + Level 6.0 Invocations
 + Level 5.4 Evocations


You had 6 spell levels left.
You knew the following spells:

 Your Spells              Type           Power      Damage    Failure   Level
a - Foxfire               Conj/Fire      96%        2x1d8     1%          1
b - Scorch                Fire           54%        2d7       1%          2
c - Ensorcelled Hibernat  Hex/Ice        38%        N/A       1%          2
d - Inner Flame           Hex/Fire       23%        N/A       2%          3
e - Volatile Blastmotes   Fire/Tloc      46%        2d13      2%          3
f - Flame Wave            Conj/Fire      24%        2d8       8%          4
g - Wereblood             Tmut           19%        N/A       1%          2

Your spell library contained the following spells:

 Spells                   Type           Power      Damage    Failure   Level
 Beastly Appendage        Tmut           38%        N/A       1%          1
 Freeze                   Ice            76%        1d8       1%          1
 Blink                    Tloc           38%        N/A       1%          2
 Passwall                 Tmut/Erth      15%        N/A       1%          2
 Sublimation of Blood     Necr           19%        N/A       1%          2
 Hailstorm                Conj/Ice       20%        3d6       3%          3
 Frozen Ramparts          Ice            38%        1d6       4%          3
 Spider Form              Tmut/Pois      19%        N/A       4%          3
 Swiftness                Air            19%        N/A       4%          3
 Manifold Assault         Tloc           19%        N/A       16%         4
 Storm Form               Tmut/Air       9%         N/A       100%        7
 Summon Hydra             Summ           Unusable   N/A       N/A         7

Dungeon Overview and Level Annotations

Branches:
Dungeon (8/15)             Temple (0/1) D:5            Lair (1/5) D:8

Altars:
Ru
The Shining One

Shops:
D:1 ?   D:4 *   D:8 ?


Innate Abilities, Weirdness & Mutations

You have very sharp teeth.
You are hated by all.
You are missing an eye, making it more difficult to aim.
Your uncanny sense of smell can sniff out nearby items.
Your experience applies equally to all skills.
Your system is resistant to poisons. (rPois)
Your spells are a little easier to cast, but a little less powerful.


Message History

You start resting.
Magic restored.
You start resting.
HP restored.
Found a stone staircase leading down.
A catoblepas comes into view.
The catoblepas bellows!
The catoblepas roars fiercely, eyes lowered.
The catoblepas breathes a plume of calcifying dust at you.
The blast of calcifying dust hits you!
The catoblepas breathes a plume of calcifying dust at you.
The blast of calcifying dust hits you!
There is a dry fountain here.
Casting: Scorch (safe; 1% risk of failure)
Confirm with . or Enter, or press ? or * to list all spells.
Flames lash the catoblepas.
The catoblepas is lightly wounded.
The catoblepas's fire resistance burns away.
Casting: Scorch (safe; 1% risk of failure)
Confirm with . or Enter, or press ? or * to list all spells.
Flames lash the catoblepas but do no damage.
Unknown command.
Casting: Scorch (safe; 1% risk of failure)
Confirm with . or Enter, or press ? or * to list all spells.
Flames lash the catoblepas but do no damage.
The catoblepas is no longer more vulnerable to fire.
The catoblepas gores you!!
Unknown command.
Aiming: Mindburst
Press: ? - help, Shift-Dir - straight line, f - catoblepas
Aim: a catoblepas (chance to affect: 19%)
The catoblepas resists with almost no effort.
The catoblepas gores you!!
* * * LOW HITPOINT WARNING * * *
Unknown command.
It was a potion of degeneration.
There was something very wrong with that liquid.
You feel weakened.
You feel dopey.
You feel clumsy. The catoblepas gores you!
You die...

#######
#...........#
#...##....#...
#...###.⌠.###..
#..# #....##...
#... #......#
#..⌠ #..>...#
#.....##
##...#.#
#.⌠@##.. #...Y#
...
#...........#
##..........#
##.......##..
###...### #
#.⌠.# #+#+#


You could see a catoblepas.

Vanquished Creatures
  Maggie (D:6)
  A komodo dragon (Lair:1)
  Prince Ribbit (D:7)
  Eustachio (D:5)
  7 yaks
  A steam dragon (D:8)
  An acid dragon (D:8)
  A black bear (D:5)
  Duvessa (D:5)
  An ice beast (D:7)
  2 orc warriors
  2 ogres (D:6)
  A phantom (D:5)
  2 centaurs
  5 bullfrogs
  A scorpion (D:5)
  Dowan (D:5)
  7 howler monkeys
  An electric eel (Lair:1)
  3 jellies
  Crazy Yiuf (D:7)
  3 orc priests
  A gnoll bouda (D:7)
  2 sleepcaps (D:6)
  7 orc wizards
  Terence (D:3)
  3 iguanas
  8 adders
  10 gnolls
  A white imp (D:8)
  4 ufetubi
  6 worms
  25 orcs
  8 endoplasms
  2 giant cockroaches
  7 goblins
  9 hobgoblins
  4 jackals (D:3)
  6 kobolds
  8 ball pythons
  5 bats
  2 frilled lizards (D:2)
  7 rats
171 creatures vanquished.

Vanquished Creatures (collateral kills)
  A giant cockroach (D:2)
1 creature vanquished.

Vanquished Creatures (others)
  51 foxfires
51 creatures vanquished.

Grand Total: 223 creatures vanquished

Notes
Turn   | Place    | Note
-------+----------+-------------------------------------------
     0 | D:1      | ChrisAssaf the Gnoll Fire Elementalist began the quest for
                  | the Orb.
     0 | D:1      | Reached XP level 1. HP: 13/13 MP: 6/6
   101 | D:1      | Reached XP level 2. HP: 9/19 MP: 2/7
   104 | D:1      | Learned a level 2 spell: Scorch
   107 | D:1      | Learned a level 2 spell: Ensorcelled Hibernation
   560 | D:4      | Reached skill level 5 in Spellcasting
   560 | D:4      | Reached XP level 3. HP: 25/25 MP: 0/9
   561 | D:4      | Reached skill level 1 in Invocations
   564 | D:4      | Reached skill level 1 in Fighting
   564 | D:4      | Reached skill level 1 in Short Blades
   564 | D:4      | Reached skill level 1 in Long Blades
   564 | D:4      | Reached skill level 1 in Axes
   564 | D:4      | Reached skill level 1 in Maces & Flails
   564 | D:4      | Reached skill level 1 in Polearms
   564 | D:4      | Reached skill level 1 in Staves
   564 | D:4      | Reached skill level 1 in Ranged Weapons
   564 | D:4      | Reached skill level 1 in Throwing
   564 | D:4      | Reached skill level 1 in Armour
   564 | D:4      | Reached skill level 1 in Shields
   564 | D:4      | Reached skill level 1 in Unarmed Combat
   564 | D:4      | Reached skill level 1 in Evocations
   565 | D:4      | Reached skill level 1 in Hexes
   565 | D:4      | Reached skill level 1 in Summonings
   565 | D:4      | Reached skill level 1 in Necromancy
   565 | D:4      | Reached skill level 1 in Translocations
   565 | D:4      | Reached skill level 1 in Transmutations
   565 | D:4      | Reached skill level 1 in Ice Magic
   565 | D:4      | Reached skill level 1 in Air Magic
   565 | D:4      | Reached skill level 1 in Earth Magic
   565 | D:4      | Reached skill level 1 in Poison Magic
   565 | D:4      | Reached XP level 4. HP: 26/32 MP: 3/11
   642 | D:4      | Learned a level 3 spell: Inner Flame
   646 | D:4      | Learned a level 3 spell: Volatile Blastmotes
   683 | D:4      | Reached XP level 5. HP: 33/37 MP: 2/12
  1025 | D:4      | Found Xekoesei's Assorted Antiques.
  1028 | D:4      | Bought a scroll labelled DAGASOE NYUS for 22 gold pieces
  1028 | D:4      | Bought a scroll labelled JAZAJI LUER for 22 gold pieces
  1156 | D:4      | Found a glowing golden altar of the Shining One.
  1247 | D:4      | Found a sacrificial altar of Ru.
  1255 | D:4      | Became a worshipper of Ru the Awakened
  1583 | D:3      | Noticed Terence
  1593 | D:3      | Killed Terence
  1594 | D:3      | Reached XP level 6. HP: 37/44 MP: 3/13
  1738 | D:3      | Identified the ring of Taefucety {rPois rC+ Str+8 Dex-3
                  | Stlth+}
  1914 | D:3      | Reached skill level 5 in Dodging
  2342 | D:2      | Identified the +3 leather armour "Goha" {MP+9 Str-4 Int+9
                  | Slay-4}
  2387 | D:2      | Learned a level 4 spell: Flame Wave
  2470 | D:2      | Found a faded altar of an unknown god.
  2848 | D:1      | Found Saffik's Magic Scroll Emporium.
  2873 | D:1      | Bought a scroll of identify for 26 gold pieces
  2873 | D:1      | Bought a scroll of identify for 26 gold pieces
  2874 | D:1      | Gained mutation: Your mind is acute. (Int +4, Str/Dex -1)
                  | [potion of mutation]
  2875 | D:1      | Lost mutation: Your mind is acute. (Int +4, Str/Dex -1)
                  | [potion of mutation]
  2875 | D:1      | Gained mutation: Your system is resistant to poisons.
                  | (rPois) [potion of mutation]
  2875 | D:1      | Gained mutation: Your spells are a little easier to cast,
                  | but a little less powerful. [potion of mutation]
  3002 | D:1      | Gained mutation: You are missing an eye, making it more
                  | difficult to aim. [Ru sacrifice]
  3002 | D:1      | Reached * piety under Ru
  3558 | D:2      | You fall into a shaft and drop 2 floors!
  3628 | D:4      | You fall into a shaft and drop 1 floor!
  3628 | D:5      | Entered Level 5 of the Dungeon
  3639 | D:5      | Noticed Dowan
  3644 | D:5      | Noticed Duvessa
  3647 | D:5      | Killed Dowan
  3652 | D:5      | Killed Duvessa
  3653 | D:5      | Reached XP level 7. HP: 19/51 MP: 14/15
  3769 | D:5      | Found a staircase to the Ecumenical Temple.
  4133 | D:5      | Noticed Eustachio
  4136 | D:5      | Killed Eustachio
  4137 | D:5      | Reached skill level 5 in Stealth
  4268 | D:5      | Reached XP level 8. HP: 20/58 MP: 15/16
  4742 | D:6      | Learned a level 2 spell: Wereblood
  5715 | D:6      | Noticed Maggie
  5724 | D:6      | Killed Maggie
  5855 | D:6      | Reached XP level 9. HP: 65/65 MP: 18/18
  5914 | D:6      | Gained mutation: You are hated by all. [Ru sacrifice]
  5914 | D:6      | Reached ** piety under Ru
  5914 | D:6      | Reached *** piety under Ru
  6446 | D:7      | Found a runed translucent door.
  6447 | D:7      | Noticed Crazy Yiuf
  6454 | D:7      | Killed Crazy Yiuf
  6624 | D:7      | Noticed Prince Ribbit
  6678 | D:7      | Killed Prince Ribbit
  6679 | D:7      | Reached skill level 5 in Invocations
  7224 | D:8      | Found Quteuv Tegam's Magic Scroll Emporium.
  7237 | D:8      | Bought a scroll of identify for 24 gold pieces
  7237 | D:8      | Bought a scroll of identify for 24 gold pieces
  7237 | D:8      | Bought a scroll of identify for 24 gold pieces
  7237 | D:8      | Bought a scroll of identify for 24 gold pieces
  7237 | D:8      | Bought a scroll of identify for 24 gold pieces
  7243 | D:8      | Found a staircase to the Lair.
  7861 | D:8      | Reached skill level 5 in Fighting
  7861 | D:8      | Reached skill level 5 in Short Blades
  7861 | D:8      | Reached skill level 5 in Long Blades
  7861 | D:8      | Reached skill level 5 in Axes
  7861 | D:8      | Reached skill level 5 in Maces & Flails
  7861 | D:8      | Reached skill level 5 in Polearms
  7861 | D:8      | Reached skill level 5 in Staves
  7861 | D:8      | Reached skill level 5 in Ranged Weapons
  7861 | D:8      | Reached skill level 5 in Throwing
  7861 | D:8      | Reached skill level 5 in Armour
  7861 | D:8      | Reached skill level 5 in Shields
  7861 | D:8      | Reached skill level 5 in Unarmed Combat
  7861 | D:8      | Reached skill level 5 in Evocations
  7861 | D:8      | Reached XP level 10. HP: 39/74 MP: 17/20
  8145 | Lair:1   | Entered Level 1 of the Lair of Beasts
  8391 | Lair:1   | Reached skill level 5 in Conjurations
  8804 | Lair:1   | Noticed a catoblepas
  8812 | Lair:1   | HP: 2/74 [catoblepas (30)]
  8813 | Lair:1   | Mangled by a catoblepas

Illustrated notes

Levels and vault maps discovered:
D:1:      kennysheep_arrival_seaside, layout_basic, serial_shops,
          nicolae_shop_peninsula, nicolae_wormholes
D:2:      layout_basic, shapermc_ecumenical_altar_gd
D:3:      layout_rooms, uniq_terence
D:4:      layout_loops_cross, nicolae_tso_carved_into_rock,
          nicolae_ru_sacrificial_ziggurat, serial_shops, shop,
          lightli_corner_chamber
D:5:      layout_gridville, minmay_temple_entry_slanted, minivault_25,
          uniq_duvessa, uniq_eustachio
D:6:      layout_layer_cave, roderic_lattice_a, feat_on_display, uniq_maggie
D:7:      layout_basic, uniq_prince_ribbit1, uniq_crazy_yiuf_cottage
D:8:      layout_gridville, lair_entry_dummy, serial_shops, nicolae_shop_trees
Lair:1:   layout_cave_pods, infiniplex_staircase_pool_2, serial_bayou_shore_a,
          grunt_megastairs_5, serial_bayou_shore_b, serial_bayou_shore_b,
          uniq_gastronok

Skill      XL: |  1  2  3  4  5  6  7  8  9 10 |
---------------+-------------------------------+-----
Conjurations   | 2 3 4 5 |  5.0
Spellcasting   | 5 6 7 |  7.4
Invocations    | 1 2 3 4 5 6 |  6.0
Fighting       | 1 2 3 5 |  5.4
Short Blades   | 1 2 3 5 |  5.4
Long Blades    | 1 2 3 5 |  5.4
Axes           | 1 2 3 5 |  5.4
Maces & Flails | 1 2 3 5 |  5.4
Polearms       | 1 2 3 5 |  5.4
Staves         | 1 2 3 5 |  5.4
Ranged Weapons | 1 2 3 5 |  5.4
Throwing       | 1 2 3 5 |  5.4
Armour         | 1 2 3 5 |  5.4
Shields        | 1 2 3 5 |  5.4
Unarmed Combat | 1 2 3 5 |  5.4
Evocations     | 1 2 3 5 |  5.4
Hexes          | 1 2 3 4 |  4.4
Summonings     | 1 2 3 0 |  0.0
Necromancy     | 1 2 3 4 |  4.4
Translocations | 1 2 3 4 |  4.4
Transmutations | 1 2 3 4 |  4.4
Ice Magic      | 1 2 3 4 |  4.4
Air Magic      | 1 2 3 4 |  4.4
Earth Magic    | 1 2 3 4 |  4.4
Poison Magic   | 1 2 3 4 |  4.4
Dodging        | 5 6 7 |  7.2
Stealth        | 5 6 |  6.9
Fire Magic     | 6 7 |  7.1

Action                     |  1- 3 |  4- 6 |  7- 9 | 10-12 || total
---------------------------+-------+-------+-------+-------++-------
  Melee: Unarmed           |     1 |       |       |       ||     1
         Halberd           |       |    74 |    35 |       ||   109
         Bite              |       |     7 |     4 |     3 ||    14
         Scimitar          |       |       |    54 |     8 ||    62
         Punch             |       |       |       |     1 ||     1
  Throw: Dart              |       |     2 |    14 |       ||    16
   Cast: Foxfire           |     8 |     8 |     8 |     4 ||    28
         Scorch            |    15 |    47 |    75 |    17 ||   154
         Volatile Blastmot |       |     3 |     5 |       ||     8
         Flame Wave        |       |     1 |     7 |     3 ||    11
 Invoke: Sacrifice an Eye  |       |     1 |       |       ||     1
         Draw Out Power    |       |       |     1 |       ||     1
         Sacrifice Love    |       |       |     1 |       ||     1
  Evoke: Wand              |     1 |     1 |    18 |     1 ||    21
    Use: Potion            |     1 |     2 |    12 |     2 ||    17
         Scroll            |       |     7 |     8 |     1 ||    16
   Stab: Sleeping          |       |    12 |     2 |       ||    14
 Armour: Robe              |     1 |       |       |       ||     1
         Ring mail         |       |    36 |       |       ||    36
         Leather armour    |       |     3 |    64 |     2 ||    69
         Skin              |       |       |    42 |       ||    42
  Dodge: Dodged            |    12 |    76 |   142 |    38 ||   268
